 Seeded DCSS version 0.29-a0-360-g8ed1089bbe (webtiles) character file.

Game seed: 3202661867537766148 (custom seed)

14 zeratav the Shooter (level 2, 17/17 HPs)
             Began as a Tengu Hunter on Apr 28, 2022.
             Quit the game on level 1 of the Dungeon.
             The game lasted 00:01:46 (383 turns).

zeratav the Shooter (Tengu Hunter)                   Turns: 383, Time: 00:01:46

Health: 17/17      AC:  3    Str: 11    XL:     2   Next: 45%
Magic:  3/3        EV: 12    Int:  9    God:
Gold:   13         SH:  0    Dex: 17    Spells: 1/1 levels left

rFire   . . .      SeeInvis .   a - +1 shortbow {bow}
rCold   . . .      Faith    .   (shield currently unavailable)
rNeg    . . .      Spirit   .   b - +0 leather armour
rPois   .          Reflect  .   (helmet restricted)
rElec   .          Harm     .   (no cloak)
rCorr   .          Rampage  .   (no gloves)
Will    .....                   (boots unavailable)
Stlth   ++........              (no amulet)
HPRegen 0.05/turn               (no ring)
MPRegen 0.08/turn               (no ring)

@: no status effects
A: beak, talons 3
a: no special abilities


You were on level 1 of the Dungeon.
You visited 1 branch of the dungeon, and saw 1 of its levels.

You collected 13 gold pieces.


Innate Abilities, Weirdness & Mutations

You have a beak for a mouth.
You have claws for feet.


   Skills:
 - Level 2.0 Fighting
 + Level 5.1 Bows
 - Level 2.1 Dodging
 - Level 1.0 Stealth


You had one spell level left.
You didn't know any spells.
Your spell library was empty.

Inventory:

Hand Weapons
 a - a +1 shortbow (weapon) {bow}
Armour
 b - a +0 leather armour (worn)
Scrolls
 c - a scroll of immolation {!r!r}
 d - a scroll of acquirement
 e - a scroll of teleportation {@r4}
Potions
 f - 3 potions of might {unknown}

Dungeon Overview and Level Annotations

Branches:
Dungeon (1/15)

Altars:

#.##.#.#######
#.##.#.# #.##.#.#
#.# #.# #.# #.#
#.#
#.##############.#
†......@.........#
#.################


There were no monsters in sight!


Message History

You take 2 damage, and now have 10/12 hp.
You shoot an arrow.
The arrow hits the hobgoblin but does no damage.
The hobgoblin closely misses you.
HP[+1]
You shoot an arrow.
The arrow hits the hobgoblin but does no damage.
The hobgoblin closely misses you. x2
You shoot an arrow. The arrow hits the hobgoblin!
You kill the hobgoblin!
The bat hits you but does no damage.
You shoot an arrow. The arrow hits the jackal!
You kill the jackal!
The bat closely misses you. The bat barely misses you. The jackal bites you.
The bat barely misses you.
HP[-3]
You take 3 damage, and now have 8/12 hp.
MASSIVE DAMAGE!! (PAUSE)
You are too injured to fight recklessly!
You are too injured to fight recklessly!
You are too injured to fight recklessly!
Shoot: a) +1 shortbow {bow}
Press: ? - help, Shift-Dir - straight line, f - jackal
Aim: a jackal (58% to hit)
You shoot an arrow. The arrow hits the jackal.
You kill the jackal!
The bat hits you but does no damage.
You have reached level 2!
HP[+3] MP[+1]
You now have 17 max hp (+5).
You regained 3 hp, and now have 11/17 hp.
Your mp is fully restored (3).
Shoot: a) +1 shortbow {bow}
Press: ? - help, Shift-Dir - straight line, f - frilled lizard
Aim: a frilled lizard (48% to hit)
You shoot an arrow. The arrow hits the frilled lizard!
You kill the frilled lizard!
The bat closely misses you.
Shoot: a) +1 shortbow {bow}
Press: ? - help, Shift-Dir - straight line, f - jackal
Aim: a jackal (58% to hit)
You shoot an arrow. The arrow hits the jackal.
The jackal closely misses you. x2
Shoot: a) +1 shortbow {bow}
Press: ? - help, Shift-Dir - straight line, f/p - jackal
Aim: a jackal (heavily wounded, 58% to hit)
You shoot an arrow. The arrow hits the jackal.
You kill the jackal!
The bat barely misses you.
Shoot: a) +1 shortbow {bow}
Press: ? - help, Shift-Dir - straight line, f - bat
Aim: a bat (51% to hit)
You shoot an arrow. The arrow hits the bat.
You kill the bat!
Shoot: a) +1 shortbow {bow}
Press: ? - help, Shift-Dir - straight line, f - you
Things that are here:
a jackal corpse; a hobgoblin corpse; HP[+6]
Your hp is fully restored (17).
f - a fuming coppery potion
f - 3 fuming coppery potions (gained 2)
You see here a +0 short sword {short}.
An endoplasm comes into view.
An endoplasm is nearby!
You shoot an arrow. The arrow hits the endoplasm.
The endoplasm quivers.
You shoot an arrow. The arrow hits the endoplasm!
You kill the endoplasm!
Your Bows skill increases to level 5!
No target in view!
A goblin comes into view. It is wielding a +0 club.
A goblin is nearby!
You shoot an arrow. The arrow hits the goblin!
You kill the goblin!
No target in view!
No target in view!
You open the door. You open the door.
There is an open door here.
A hobgoblin comes into view.
The hobgoblin shouts!
You shoot an arrow.
The arrow hits the hobgoblin but does no damage.
You shoot an arrow. The arrow barely misses the hobgoblin.
You shoot an arrow. The arrow closely misses the hobgoblin.
You shoot an arrow. The arrow hits the hobgoblin!
You kill the hobgoblin!
No target in view!
Okay, then.
You see here a hobgoblin corpse.
You open the door. You open the door.
There is an open door here.
A ball python comes into view.
You shoot an arrow. The arrow hits the ball python!
You kill the ball python!
No target in view!
No target in view!
This is a scroll of acquirement!
No target in view!
Are you sure you want to abandon this character and quit the game? (Confirm with "yes".)

Skill      XL: |  1  2 |
---------------+-------+-----
Bows           | 5 |  5.1
Fighting       | |  2.0
Dodging        | |  2.1
Stealth        | |  1.0

Action                   || total
-------------------------++-------
 Fire: Shortbow          ||    30
  Use: Scroll            ||     1
Armor: Leather armour    ||     3
Dodge: Dodged            ||    11

Levels and vault maps discovered:
D:1:      minmay_arrival_jagged, layout_basic, minmay_tetromino_i2

Notes
Turn   | Place    | Note
-------+----------+-------------------------------------------
     0 | D:1      | zeratav the Tengu Hunter began the quest for the Orb.
     0 | D:1      | Reached XP level 1. HP: 12/12 MP: 2/2
     0 | D:1      | magus.rc [v1.9.6]
   124 | D:1      | Reached XP level 2. HP: 11/17 MP: 3/3
   316 | D:1      | Reached skill level 5 in Bows
   383 | D:1      | Identified a scroll of acquirement
   383 | D:1      | Quit the game

Vanquished Creatures
  An endoplasm (D:1)
  A giant cockroach (D:1)
  2 goblins (D:1)
  2 hobgoblins (D:1)
  3 jackals (D:1)
  A ball python (D:1)
  A bat (D:1)
  A frilled lizard (D:1)
12 creatures vanquished.

Table legend:
 A = Non-vault XP
 B = Vault XP
 C = Vault XP percentage of total XP
 D = Non-vault monster count
 E = Vault monster count
 F = Vault count percentage of total count
                 A         B        C        D         E       F
            +---------+---------+-------+---------+---------+-------
      Total |      19 |       2 |   9.5 |      10 |       2 |  16.7
            +---------+---------+-------+---------+---------+-------
        D:1 |      19 |       2 |   9.5 |      10 |       2 |  16.7
            +---------+---------+-------+---------+---------+-------

Illustrated notes

Table legend:
 A = Kills in this place as a percentage of kills in entire the game.
 B = Kills by you in this place as a percentage of kills by you in the entire game.
 C = Kills by friends in this place as a percentage of kills by friends in the entire game.
 D = Other kills in this place as a percentage of other kills in the entire game.
 E = Experience gained in this place as a percentage of experience gained in the entire game.
 F = Experience gained in this place divided by the number of levels of this place that you have seen.
                   A       B       C       D       E      F
               +-------+-------+-------+-------+-------+----------------------
         Total | 100.0 | 100.0 |   N/A |   N/A | 100.0 |  21.0
       Dungeon | 100.0 | 100.0 |   N/A |   N/A | 100.0 |  21.0
               +-------+-------+-------+-------+-------+----------------------

Table legend: (Time is in decaauts)
 A = Elapsed time spent in this place.
 B = Non-inter-level travel time spent in this place.
 C = Inter-level travel time spent in this place.
 D = Time resting spent in this place.
 E = Time spent auto-exploring this place.
 F = Levels seen in this place.
 G = Mean time per level.
                   A        B        C        D        E       F      G
               +--------+--------+--------+--------+--------+-----+--------+
         Total |    392 |    392 |      0 |      0 |    337 |   1 |  392.0 |
       Dungeon |    392 |    392 |      0 |      0 |    337 |   1 |  392.0 |
               +--------+--------+--------+--------+--------+-----+--------+

Top non-repeatable levels by time:
     D:1: 392 daAuts
